 Dungeon Crawl Stone Soup version 0.22.1-1-ga44c0e5 (webtiles) character file.

115501 FrontBottom the Severer (level 15, -15/123 HPs)
             Began as a Demonspawn Fighter on Oct 26, 2018.
             Was the Champion of Jiyva.
             Demolished by Xiraoc's ghost (20 damage)
             ... on level 1 of the Vaults.
             The game lasted 02:21:16 (24037 turns).

FrontBottom the Severer (Demonspawn Fighter)       Turns: 24037, Time: 02:21:18

Health: -15/123    AC: 30    Str: 36 (37) XL:     15   Next: 86%
Magic:  15/15      EV: 11    Int:  8      God:    Jiyva [******]
Gold:   69         SH: 15    Dex: 14      Spells: 14/14 levels left

rFire    + + .     SeeInvis +   j - +8 hand axe of Purpose {chop, *Contam +Inv rF++ Int+4}
rCold    + + .     Gourm    .   c - +0 shield
rNeg     . . .     Faith    +   g - +7 chain mail "Nohys" {rC+ MR- Regen+ rCorr}
rPois    +         Spirit   .   J - +2 hat
rElec    .         Reflect  .   W - +2 cloak
rCorr    +         Harm     .   y - +0 pair of gloves
MR       .....                  n - +0 pair of boots
Stlth    ..........             U - amulet of faith
HPRegen  0.70/turn              Y - ring of wizardry
MPRegen  0.14/turn              K - ring of Keneh {rC+ Str+9 Int-2 Dex+3 SInv}

@: studying 2 skills
A: beak, hooves 2, slimy green scales 2, blink, demonic guardian 2, nightstalker
2, poison resistance, acidic bite, jelly sensing items, jelly absorbing missiles
}: 1/15 runes: slimy
a: Blink, Request Jelly, Slimify, Cure Bad Mutation, Renounce Religion, Evoke
Invisibility


You were on level 1 of the Vaults.
You worshipped Jiyva.
Jiyva was exalted by your worship.
You were completely stuffed.

You visited 6 branches of the dungeon, and saw 30 of its levels.
You visited 1 bazaar.

You collected 1715 gold pieces.
You spent 1646 gold pieces at shops.

Inventory:

Hand Weapons
 j - the +8 hand axe of Purpose (weapon) {chop, *Contam +Inv rF++ Int+4}
   (You found it on level 5 of the Pits of Slime)

   It inflicts extra damage upon your enemies.
   It affects your intelligence (+4).
   It greatly protects you from fire.
   It lets you turn invisible.
   It causes magical contamination when unequipped.
 m - a +5 scimitar of flaming
Armour
 c - a +0 shield (worn)
 g - the +7 chain mail "Nohys" (worn) {rC+ MR- Regen+ rCorr}
   (You found it on level 5 of the Pits of Slime)

   It protects you from cold.
   It affects your resistance to hostile enchantments.
   It increases your rate of regeneration.
   It provides partial protection from all sources of acid and corrosion.
 n - a +0 pair of boots (worn)
 x - a scarf of resistance
 y - a +0 pair of gloves (worn)
 J - a +2 hat (worn)
 P - the +3 ring mail "Qaegiw" {rPois MR+ Int+2 Dex+2}
   (You found it on level 5 of the Pits of Slime)

   It affects your intelligence (+2).
   It affects your dexterity (+2).
   It protects you from poison.
   It affects your resistance to hostile enchantments.
 W - a +2 cloak (worn)
Jewellery
 d - an uncursed ring of ice
 q - an uncursed ring of fire
 C - an uncursed ring of flight
 K - the ring of Keneh (right hand) {rC+ Str+9 Int-2 Dex+3 SInv}
   (You bought it in a shop on level 2 of the Orcish Mines)

   [ring of protection from cold]

   It affects your strength (+9).
   It affects your intelligence (-2).
   It affects your dexterity (+3).
   It protects you from cold.
   It lets you see invisible.
 L - the amulet of Niliumeit {Inacc *Corrode rC++ Int+2}
   (You found it on level 8 of the Dungeon)

   [amulet of inaccuracy]

   It reduces the accuracy of all your attacks.
   It affects your intelligence (+2).
   It greatly protects you from cold.
   It may corrode you when you take damage.
 U - an amulet of faith (around neck)
 Y - a ring of wizardry (left hand)
Wands
 o - a wand of paralysis (39)
 w - a wand of iceblast (13)
 B - a wand of scattershot (8)
 S - a wand of disintegration (9)
Scrolls
 h - 5 scrolls of fog
 i - 11 scrolls of teleportation
 s - 2 scrolls of magic mapping
 A - 7 scrolls of remove curse
 D - a scroll of silence
 E - a scroll of random uselessness {unknown}
 N - a scroll of fear {unknown}
 R - a scroll of brand weapon {unknown}
 T - a scroll of torment {unknown}
 X - a scroll of immolation {unknown}
Potions
 k - 10 potions of curing
 r - 4 potions of lignification
 u - 2 potions of magic
 v - 4 potions of heal wounds
 z - 3 potions of resistance
 F - a potion of cancellation
 G - 3 potions of ambrosia
 H - a potion of might
 V - 3 potions of invisibility
Books
 a - a manual of Evocations
 b - a manual of Translocations
Miscellaneous
 p - a lightning rod (4/4)
 Q - 2 phantom mirrors
 Z - a phial of floods
Comestibles
 f - 38 rations


   Skills:
 + Level 13.1 Fighting
 + Level 15.6 Axes
 + Level 0.7 Throwing
 + Level 11.1 Armour
 - Level 4.0 Dodging
 - Level 0.2 Stealth
 + Level 13.3 Shields
 - Level 0.6 Evocations


You had 14 spell levels left.
You didn't know any spells.
Your spell library contained the following spells:

 Spells                   Type           Power        Failure   Level  Hunger
 Animate Skeleton         Necr           N/A          52%         1    ##.....
 Apportation              Tloc           #.....       52%         1    ##.....
 Confusing Touch          Hex            #.....       52%         1    ##.....
 Corona                   Hex            #......      52%         1    ##.....
 Magic Dart               Conj           #...         52%         1    ##.....
 Pain                     Necr           #...         52%         1    ##.....
 Summon Small Mammal      Summ           #...         52%         1    ##.....
 Passwall                 Tmut/Erth      #.......     65%         2    ###....
 Searing Ray              Conj           #.....       65%         2    ###....
 Slow                     Hex            #.......     65%         2    ###....
 Swiftness                Chrm/Air       #.......     65%         2    ###....
 Confuse                  Hex            #.......     86%         3    ####...
 Dazzling Spray           Conj/Hex       #.....       86%         3    ####...
 Gell's Gravitas          Tloc           #.........   86%         3    ####...
 Inner Flame              Hex/Fire       #.......     86%         3    ####...
 Portal Projectile        Hex/Tloc       #.....       86%         3    ####...
 Regeneration             Chrm/Necr      #.........   86%         3    ####...
 Vampiric Draining        Necr           #.........   86%         3    ####...
 Animate Dead             Necr           N/A          99%         4    #####..
 Cause Fear               Hex            #.........   99%         4    #####..
 Force Lance              Conj/Tloc      #.......     99%         4    #####..
 Fulminant Prism          Conj/Hex       #.........   99%         4    #####..
 Iskenderun's Mystic Bla  Conj           #.......     99%         4    #####..
 Leda's Liquefaction      Hex/Erth       #.........   99%         4    #####..
 Passage of Golubria      Tloc           N/A          99%         4    #####..
 Petrify                  Tmut/Erth      #.......     99%         4    #####..
 Lee's Rapid Deconstruct  Erth           #.........   100%        5    ######.
 Metabolic Englaciation   Hex/Ice        #.........   100%        5    ######.
 Silence                  Hex/Air        #.........   100%        5    ######.
 Summon Mana Viper        Hex/Summ       #.......     100%        5    ######.
 Yara's Violent Unravell  Hex/Tmut       #.........   100%        5    ######.
 Darkness                 Hex            #.........   100%        6    #######
 Invisibility             Hex            #.......     100%        6    #######


Dungeon Overview and Level Annotations

Branches:
Dungeon (15/15)            Temple (1/1) D:6            Lair (6/6) D:9
 Shoals (0/4) Lair:2       Spider (0/4) Lair:3        Slime (5/5) Lair:6
    Orc (2/2) D:10            Elf (0/3) Orc:2        Vaults (1/5) D:14
 Depths (0/5) D:15

Altars:
Ashenzari
Cheibriados
Dithmenos
Fedhas
Gozag
Hepliaklqana
Makhleb
Okawaru
Qazlal
Ru
Sif Muna
Trog
Uskayaw
Vehumet
Xom
Zin
The Shining One
Beogh
Jiyva

Shops:
D:5 [(   D:8 *   D:10 %   D:14 [   Orc:2 !=}*

Annotations:
D:4 1 runed door, dscm's ghost, amateur DsGl
D:7 3 runed doors, MTVSty1e's ghost, novice GrFi
D:8 Erica
Slime:3 Dissolution
Slime:5 Royal Jelly
Orc:1 3 runed doors, Peqecigann's ghost, journeyman MiBe
Vaults:1 Xiraoc's ghost, adept MfGl


Innate Abilities, Weirdness & Mutations

You have hoof-like feet.
You are mostly covered in slimy green scales. (AC +3)
A demonic guardian rushes to your aid.
You are significantly more attuned to the shadows.
You have a beak for a mouth.
You can translocate small distances at will.
Your system is resistant to poisons. (rPois)
You have acidic saliva.
You have a small jelly attached to you that senses nearby items.
You have a small jelly attached to you that may absorb incoming projectiles.


Message History

You feel stupid.
You barely miss Xiraoc's ghost. Your bite misses Xiraoc's ghost.
Xiraoc's ghost is almost destroyed.
Xiraoc's ghost hits you!!
* * * LOW HITPOINT WARNING * * *
You are electrocuted!
* * * LOW HITPOINT WARNING * * *
Your chain mail "Nohys" prevents you from hitting Xiraoc's ghost.
Your bite misses Xiraoc's ghost.
Xiraoc's ghost is almost destroyed.
Your smoke demon closely misses Xiraoc's ghost.
Your smoke demon completely misses Xiraoc's ghost. x2
You miss Xiraoc's ghost. Your peck misses Xiraoc's ghost.
Your bite misses Xiraoc's ghost.
Xiraoc's ghost is almost destroyed.
You feel less slimy. Xiraoc's ghost hits you!
* * * LOW HITPOINT WARNING * * *
You are electrocuted!
You die...

.......#...##########..........
.......#.......................
.......#.................).....
###'#'##......##########.......
##.##........#..##.#..#.......
#...#........###≈.J#..#.......
#...#........#.....#..........
#...#........##..#.'..#.......
###.###.......#≈@W3.'..#.......
...##.##......##≈.8.#..#.......
...#...#......##.#≈J#..#.......
.......#......#J#≈.##..#.......#
...#...#......##########.......#
'.'##.##...........J...........#
###.###........................#
#...#.........................#
#...#.>.......................#


You could see Xiraoc's ghost, 3 neutral jellies (fellow slime) and a friendly
smoke demon.

Vanquished Creatures
  A fire giant (D:15)
  3 vault wardens (Vaults:1)
  An ironheart preserver (Vaults:1)
  2 yaktaur captains (Vaults:1)
  2 fire dragons (Vaults:1)
  2 rakshasas (Vaults:1)
  A vault guard (D:14)
  2 hydras
  A naga warrior (D:12)
  A catoblepas (Lair:6)
  An ogre mage (Vaults:1)
  4 two-headed ogres
  7 death yaks
  A tengu warrior (D:13)
  3 orc high priests (Orc:2)
  3 deep elf knights (Vaults:1)
  A skeletal warrior (D:11)
  6 unseen horrors
  A wolf spider zombie (D:14)
  A deep elf archer (Vaults:1)
  6 ironbrand convokers (Vaults:1)
  6 orc knights
  5 harpies (D:15)
  6 manticores
  3 orc sorcerers
  5 cyclopes
  16 ugly things
  An elephant (Lair:4)
  A guardian serpent (shapeshifter) (Vaults:1)
  4 vault sentinels (Vaults:1)
  2 black mambas (Lair:1)
  2 gargoyles
  5 spiny frogs
  3 komodo dragons
  7 yaktaurs (Vaults:1)
  A harpy zombie (D:15)
  4 trolls
  A queen bee (Lair:1)
  11 blink frogs
  12 hippogriffs
  A water elemental (D:15)
  3 wraiths
  A hog (shapeshifter) (Vaults:1)
  A vampire (D:15)
  24 yaks
  A fire elemental (D:14)
  6 vampire mosquitoes
  A wyvern (D:8)
  4 hogs (D:14)
  A steam dragon (D:8)
  A human (D:12)
  7 wargs
  A hell hound (D:14)
  2 acid dragons
  13 water moccasins
  10 porcupines
  2 sky beasts (D:8)
  A black bear (shapeshifter) (Vaults:1)
  3 phantoms
  A black bear (D:13)
  4 ice beasts
  25 orc warriors
  4 ogres
  2 wolves (Lair:6)
  3 boggarts (Vaults:1)
  3 centaurs
  11 crocodiles
  19 bullfrogs
  3 big kobolds
  An ogre simulacrum (Vaults:1)
  A wyvern skeleton (D:12)
  6 scorpions
  27 killer bees
  A water moccasin skeleton (D:4)
  An orc simulacrum (Vaults:1)
  2 wights (D:11)
  A howler monkey (D:13)
  10 crimson imps
  4 bullfrog zombies
  A quasit (D:9)
  4 hounds
  4 centaur skeletons
  13 orc priests
  5 iguanas
  8 worker ants
  19 orc wizards
  A hound zombie (D:7)
  Robin (D:4)
  3 gnolls (D:4)
  A river rat (Lair:2)
  12 adders
  4 shadow imps
  2 oozes
  6 worms
  An adder skeleton (D:6)
  3 dart slugs
  3 leopard geckos
  45 orcs
  11 giant cockroaches
  10 goblins
  11 hobgoblins
  7 jackals
  14 kobolds
  4 quokkas
  5 bats
  3 frilled lizards
  A leopard gecko skeleton (D:8)
  3 quokka skeletons
  9 rats
  2 fungi (Lair:6)
  2 plants (Lair:4)
575 creatures vanquished.

Vanquished Creatures (collateral kills)
  Agnes (D:14)
  A vault warden (Vaults:1)
  A fire dragon (Vaults:1)
  Josephine (Lair:5)
  Fannar (Lair:2)
  A yaktaur captain (Vaults:1)
  A hydra (Lair:3)
  3 vault guards (Vaults:1)
  6 centaur warriors
  An ice dragon (D:11)
  A catoblepas (Lair:6)
  5 two-headed ogres
  7 death yaks
  An ogre mage (Vaults:1)
  An orc high priest (Orc:2)
  4 skeletal warriors (D:11)
  An ironbrand convoker (Vaults:1)
  An orc knight (Orc:2)
  An orc sorcerer (Orc:2)
  A deep elf mage (Vaults:1)
  9 ugly things
  2 elephants (Lair:4)
  A cyclops (D:11)
  2 manticores
  A vault sentinel (Vaults:1)
  3 spiny frogs (Lair:6)
  2 centaur skeletons
  An efreet (D:14)
  A kobold demonologist (D:11)
  A yaktaur (Vaults:1)
  2 hornets (D:8)
  A polar bear (Lair:6)
  6 blink frogs
  2 hippogriffs
  3 wraiths (Lair:5)
  6 yaks
  3 basilisks
  A hungry ghost (D:8)
  2 hogs (D:14)
  3 vampire mosquitoes
  A water moccasin (Lair:6)
  6 orc warriors
  2 wolves (Lair:6)
  2 ogres
  3 centaurs (D:11)
  4 crocodiles
  A big kobold (D:13)
  6 bullfrogs
  A killer bee (D:11)
  6 wights
  An electric eel (D:11)
  2 crimson imps
  2 centaur zombies
  A hound (D:6)
  2 orc priests
  3 orc wizards
  An iguana (D:8)
  2 adders
  3 orcs
  A giant cockroach (D:4)
  2 jackals (D:8)
144 creatures vanquished.

Vanquished Creatures (others)
  7 acid blobs (Slime:5)
  Azrael (D:14)
  A death ooze (Slime:5)
  A great orb of eyes (Slime:5)
  3 death yaks (Lair:6)
  A deep elf archer (Vaults:1)
  An ugly thing (D:12)
  An orc sorcerer (Orc:2)
  A shining eye (Slime:1)
  A spiny frog (Lair:6)
  3 blink frogs (Lair:6)
  13 dream sheep (Lair:6)
  2 hippogriffs (Lair:1)
  15 slime creatures
  5 yaks (D:12)
  A basilisk (Lair:2)
  A vampire mosquito (D:14)
  A soldier ant (D:13)
  A hell hound (D:14)
  2 orc warriors (Orc:2)
  A necrophage (D:10)
  4 ogres
  An eye of draining (D:8)
  A boggart (Vaults:1)
  2 centaurs
  A big kobold (D:11)
  A wight (D:11)
  3 howler monkeys (D:11)
  A hound (D:10)
  102 jellies
  3 orc priests
  A centaur skeleton (D:12)
  5 orc wizards
  A worker ant (D:6)
  A howler monkey zombie (D:8)
  2 adders
  2 shadow imps
  18 orcs
  3 jackals (D:10)
  11 kobolds
  A butterfly (Lair:2)
  20 fungi
  8 plants
255 creatures vanquished.

Grand Total: 974 creatures vanquished

Notes
Turn   | Place    | Note
-------+----------+-------------------------------------------
     0 | D:1      | FrontBottom the Demonspawn Fighter began the quest for the
                  | Orb.
     0 | D:1      | Reached XP level 1. HP: 18/18 MP: 1/1
   296 | D:1      | Gained mutation: You are partially covered in slimy green
                  | scales. (AC +2) [demonic ancestry]
   296 | D:1      | Reached XP level 2. HP: 24/24 MP: 2/2
   562 | D:1      | Reached skill level 2 in Axes
   927 | D:2      | Gained mutation: You are slightly more attuned to the
                  | shadows. [demonic ancestry]
   927 | D:2      | Reached XP level 3. HP: 29/29 MP: 3/3
  1307 | D:2      | Gained mutation: You have large cloven feet. [demonic
                  | ancestry]
  1307 | D:2      | Reached XP level 4. HP: 31/35 MP: 4/4
  1782 | D:2      | Found an opulent altar of Gozag.
  1938 | D:3      | Reached skill level 3 in Axes
  2661 | D:3      | Found a glowing silver altar of Zin.
  2923 | D:3      | Found a snail-covered altar of Cheibriados.
  3034 | D:3      | Gained mutation: A weak demonic guardian rushes to your
                  | aid. [demonic ancestry]
  3034 | D:3      | Reached XP level 5. HP: 21/42 MP: 5/5
  3258 | D:4      | Got an encrusted whip
  3259 | D:4      | Identified the +4 whip "Kouvoruc" {freeze, rF+} (You found
                  | it on level 4 of the Dungeon)
  3445 | D:4      | Noticed an ogre
  3453 | D:4      | Killed an ogre
  3453 | D:4      | Reached XP level 6. HP: 29/48 MP: 6/6
  3589 | D:4      | Noticed Robin
  3607 | D:4      | Killed Robin
  3922 | D:4      | Reached skill level 4 in Axes
  3992 | D:4      | Found a runed door.
  3994 | D:4      | Noticed dscm's ghost (amateur DsGl)
  4486 | D:4      | Found a deep blue altar of Sif Muna.
  4630 | D:5      | Entered Level 5 of the Dungeon
  4668 | D:5      | Found a shattered altar of Ashenzari.
  4699 | D:5      | Reached XP level 7. HP: 53/55 MP: 7/7
  4756 | D:5      | Found Quemoum's Antique Armour Boutique.
  5169 | D:5      | Reached skill level 5 in Armour
  5279 | D:5      | Found Neopp's Weapon Emporium.
  5339 | D:5      | Noticed a moth of wrath
  5342 | D:5      | Found a bloodstained altar of Trog.
  5739 | D:6      | Found a hide-covered altar of Uskayaw.
  5759 | D:6      | Found a sacrificial altar of Ru.
  5786 | D:6      | Found a blossoming altar of Fedhas.
  5821 | D:6      | Gained mutation: A demonic guardian rushes to your aid.
                  | [demonic ancestry]
  5821 | D:6      | Reached XP level 8. HP: 61/61 MP: 8/8
  5879 | D:6      | Found a staircase to the Ecumenical Temple.
  5884 | Temple   | Entered the Ecumenical Temple
  5895 | Temple   | Became a worshipper of Jiyva Jeqox the Shapeless
  5961 | D:6      | Reached skill level 5 in Shields
  5995 | D:6      | Reached skill level 5 in Fighting
  5995 | D:6      | Reached skill level 5 in Axes
  6086 | D:6      | Found a shadowy altar of Dithmenos.
  6180 | D:6      | Found a burning altar of Makhleb.
  6269 | D:6      | Found a glowing golden altar of the Shining One.
  6772 | D:7      | Found a shimmering altar of Xom.
  6772 | D:7      | Found a shimmering altar of Xom.
  6773 | D:7      | Found a shimmering altar of Xom.
  6777 | D:7      | Found a shimmering altar of Xom.
  6777 | D:7      | Found a shimmering altar of Xom.
  6778 | D:7      | Found a shimmering altar of Xom.
  6778 | D:7      | Found a shimmering altar of Xom.
  6779 | D:7      | Found a shimmering altar of Xom.
  6779 | D:7      | Found a shimmering altar of Xom.
  6779 | D:7      | Found a shimmering altar of Xom.
  6784 | D:7      | Found a shimmering altar of Xom.
  7026 | D:7      | Found a runed gate.
  7027 | D:7      | Found a runed gate.
  7082 | D:7      | Found a runed gate.
  7111 | D:7      | Reached * piety under Jiyva
  7128 | D:7      | Noticed MTVSty1e's ghost (novice GrFi)
  7272 | D:7      | Noticed a hippogriff
  7282 | D:7      | Killed a hippogriff
  7282 | D:7      | Gained mutation: You are mostly covered in slimy green
                  | scales. (AC +3) [demonic ancestry]
  7282 | D:7      | Reached XP level 9. HP: 60/69 MP: 7/9
  7738 | D:8      | Noticed a two-headed ogre
  7767 | D:8      | Killed a two-headed ogre
  7771 | D:8      | Reached skill level 6 in Axes
  7982 | D:8      | Reached ** piety under Jiyva
  8054 | D:8      | Noticed Erica
  8088 | D:8      | Found a radiant altar of Vehumet.
  8196 | D:8      | Reached *** piety under Jiyva
  8339 | D:8      | Got a smoking hand axe {vamp}
  8344 | D:8      | Identified the cursed +1 hand axe of Xom's Esteem {vamp,
                  | Dex+2} (You took it off a big kobold on level 8 of the
                  | Dungeon)
  8385 | D:8      | Reached XP level 10. HP: 74/77 MP: 10/10
  8395 | D:8      | Got a flickering steel amulet
  8396 | D:8      | Identified the amulet of Niliumeit {Inacc *Corrode rC++
                  | Int+2} (You found it on level 8 of the Dungeon)
  8412 | D:8      | Found an opulent altar of Gozag.
  8474 | D:8      | Found a shadowy altar of Dithmenos.
  8566 | D:8      | Found Ceibe's General Store.
  8665 | D:5      | Bought a faintly humming chain mail for 256 gold pieces
  8675 | D:5      | Identified the cursed +0 chain mail of Happiness {*Slow rC+
                  | Str+2 Dex+4} (You bought it in a shop on level 5 of the
                  | Dungeon)
  8889 | D:9      | Found a staircase to the Lair.
  8974 | D:9      | Reached skill level 7 in Axes
  9518 | D:9      | Reached **** piety under Jiyva
  9655 | D:9      | Gained mutation: You have a pair of small horns on your
                  | head. [Jiyva's grace]
  9712 | D:10     | Entered Level 10 of the Dungeon
  9780 | D:10     | Found a staircase to the Orcish Mines.
  9816 | D:10     | Got a jewelled plate armour
  9827 | D:10     | Identified the +4 plate armour of the Tick {Str+2} (You
                  | found it on level 10 of the Dungeon)
  9905 | D:10     | Reached ***** piety under Jiyva
  9914 | D:10     | Found Vuimyidd's Food Shoppe.
  9919 | D:10     | Gained mutation: You expend magic power (3 MP) to
                  | strengthen your wands. [Jiyva's grace]
  9954 | D:10     | Gained mutation: You possess an exceptional clarity of
                  | mind. [Jiyva's grace]
 10229 | D:10     | Noticed a two-headed ogre
 10231 | D:10     | Killed a two-headed ogre
 10299 | D:11     | Killed an unseen horror
 10472 | D:11     | Killed an unseen horror
 10504 | D:11     | Gained mutation: You have a pair of horns on your head.
                  | [Jiyva's grace]
 10518 | D:11     | Noticed a skeletal warrior
 10519 | D:11     | Noticed a skeletal warrior
 10528 | D:11     | Noticed a skeletal warrior
 10576 | D:11     | Killed a skeletal warrior
 10576 | D:11     | Reached XP level 11. HP: 86/86 MP: 11/11
 10585 | D:11     | Reached ****** piety under Jiyva
 10707 | D:11     | Lost mutation: You have a pair of horns on your head.
                  | [Jiyva's grace]
 10717 | D:11     | Noticed a skeletal warrior
 10728 | D:11     | Noticed a skeletal warrior
 10728 | D:11     | Lost mutation: You possess an exceptional clarity of mind.
                  | [Jiyva's grace]
 10729 | D:11     | Killed a skeletal warrior
 10729 | D:11     | Reached skill level 8 in Axes
 10756 | D:11     | Killed a skeletal warrior
 10765 | D:11     | Killed a skeletal warrior
 10777 | D:11     | Killed a skeletal warrior
 10894 | D:11     | Gained mutation: You have a small jelly attached to you
                  | that senses nearby items. [Jiyva's grace]
 11219 | D:11     | Got a bone war axe {chop}
 11220 | D:11     | Identified the +1 war axe "Nidedghu" {chop, Int+2} (You
                  | took it off a kobold demonologist on level 11 of the
                  | Dungeon)
 11220 | D:11     | Noticed an ice dragon
 11263 | D:11     | Noticed a two-headed ogre
 11270 | D:11     | Killed a two-headed ogre
 11349 | D:11     | Killed an ice dragon
 11369 | D:11     | Got a translucent scale mail
 11380 | D:11     | Identified the +2 scale mail of the Original Sin {Int+2
                  | Dex+3} (You found it on level 11 of the Dungeon)
 11553 | D:12     | Noticed a two-headed ogre
 11557 | D:12     | Killed a two-headed ogre
 11557 | D:12     | Reached skill level 10 in Shields
 11620 | D:12     | Noticed a two-headed ogre
 11630 | D:12     | Killed a two-headed ogre
 11703 | D:12     | Reached skill level 9 in Axes
 11735 | D:12     | Killed an unseen horror
 11830 | D:12     | Lost mutation: You have a pair of small horns on your head.
                  | [Jiyva's grace]
 11856 | D:12     | Noticed a naga warrior
 11858 | D:12     | Found a large runed door.
 11859 | D:12     | Found a large runed door.
 11879 | D:12     | Noticed a brown ugly thing
 11892 | D:12     | Killed a brown ugly thing
 11892 | D:12     | Gained mutation: You have hoof-like feet. [demonic
                  | ancestry]
 11892 | D:12     | Reached XP level 12. HP: 81/95 MP: 10/12
 11941 | D:12     | Lost mutation: You expend magic power (3 MP) to strengthen
                  | your wands. [Jiyva's grace]
 12090 | D:12     | Reached skill level 10 in Axes
 12154 | D:12     | Noticed a centaur warrior
 12155 | D:12     | Noticed a two-headed ogre
 12164 | D:12     | Found an iron altar of Okawaru.
 12164 | D:12     | Found an iron altar of Okawaru.
 12167 | D:12     | Killed a two-headed ogre
 12170 | D:12     | Killed a centaur warrior
 12180 | D:12     | Killed a naga warrior
 12243 | D:13     | Noticed Frances
 12271 | D:12     | Slimified Frances
 12271 | D:12     | Noticed Frances
 12271 | D:12     | Frances changed into Frances the azure jelly
 12469 | D:13     | Gained mutation: You have a small jelly attached to you
                  | that may absorb incoming projectiles. [Jiyva's grace]
 12676 | D:13     | Noticed a centaur warrior
 12682 | D:13     | Killed a centaur warrior
 12708 | D:13     | Reached skill level 11 in Axes
 12757 | D:13     | Noticed a tengu warrior
 12767 | D:13     | Killed a tengu warrior
 12893 | D:13     | Noticed a two-headed ogre
 12897 | D:13     | Killed a two-headed ogre
 12982 | D:13     | Gained mutation: You occasionally shout uncontrollably at
                  | your foes. [Jiyva's grace]
 13211 | D:14     | Found a gate to the Vaults.
 13211 | D:14     | Noticed a vault guard
 13227 | D:14     | Killed a vault guard
 13311 | D:14     | Noticed a centaur warrior
 13321 | D:14     | Killed a centaur warrior
 13321 | D:14     | Reached skill level 12 in Axes
 13351 | D:14     | Noticed Azrael
 13542 | D:14     | Found Jefil's Armour Boutique.
 13563 | D:14     | Noticed Agnes
 13573 | D:14     | Killed Agnes
 13573 | D:14     | Reached skill level 10 in Armour
 13592 | D:14     | Noticed Kirke
 13651 | D:14     | Gained mutation: Your magical capacity is low. (-10% MP)
                  | [Jiyva's grace]
 13655 | D:14     | Reached XP level 13. HP: 90/101 MP: 11/11
 13664 | D:14     | Slimified Kirke
 13664 | D:14     | Noticed Kirke
 13664 | D:14     | Kirke changed into Kirke the azure jelly
 13672 | D:14     | Gained mutation: You expend magic power (3 MP) to
                  | strengthen your wands. [Jiyva's grace]
 14159 | D:13     | Lost mutation: You expend magic power (3 MP) to strengthen
                  | your wands. [Jiyva's grace]
 14232 | Lair:1   | Entered Level 1 of the Lair of Beasts
 14501 | Lair:1   | Gained mutation: You are agile. (Dex +2) [Jiyva's grace]
 14612 | Lair:1   | Reached skill level 13 in Axes
 15115 | Lair:2   | Found a staircase to the Shoals.
 15159 | Lair:2   | Got a shimmering ring mail
 15242 | Lair:2   | Reached skill level 10 in Fighting
 15342 | Lair:2   | Gained mutation: Your mind is acute. (Int +2) [Jiyva's
                  | grace]
 15345 | Lair:2   | Noticed Fannar
 15368 | Lair:2   | Killed Fannar
 15762 | Lair:2   | Identified the +1 ring mail "Odi Tiut" {Str+2 Dex+7} (You
                  | found it on level 2 of the Lair of Beasts)
 15798 | Lair:3   | Found a hole to the Spider Nest.
 16341 | Lair:3   | Lost mutation: Your magical capacity is low. (-10% MP)
                  | [Jiyva's grace]
 16610 | Lair:4   | Reached skill level 14 in Axes
 16914 | Lair:4   | Gained mutation: You are somewhat resistant to further
                  | mutation. [Jiyva's grace]
 17342 | Lair:5   | Gained mutation: You are significantly more attuned to the
                  | shadows. [demonic ancestry]
 17342 | Lair:5   | Reached XP level 14. HP: 111/111 MP: 14/14
 17447 | Lair:5   | Noticed Josephine
 17595 | Lair:5   | Lost mutation: You are agile. (Dex +2) [Jiyva's grace]
 17608 | Lair:5   | Killed Josephine
 18171 | Lair:6   | Entered Level 6 of the Lair of Beasts
 18221 | Lair:6   | Got a slimy spear
 18274 | Lair:6   | Noticed an azure jelly
 18274 | Lair:6   | a catoblepas changed into an azure jelly
 18286 | Lair:6   | Noticed an acid blob
 18286 | Lair:6   | a catoblepas changed into an acid blob
 18324 | Lair:6   | Gained mutation: Your flesh is cold resistant. (rC+)
                  | [Jiyva's grace]
 18440 | Lair:6   | Gained mutation: Your flesh is very cold resistant. (rC++)
                  | [Jiyva's grace]
 18461 | Lair:6   | Noticed Rupert
 18528 | Lair:6   | Found a staircase to the Slime Pits.
 18529 | Lair:6   | Found a viscous altar of Jiyva.
 18542 | Lair:6   | Slimified Rupert
 18542 | Lair:6   | Noticed Rupert
 18542 | Lair:6   | Rupert changed into Rupert the acid blob
 18731 | Lair:6   | Got an ivory whip
 18732 | Lair:6   | Identified the +5 whip "Utoh Ycu" {flame, rPois rC- Str+2}
                  | (You found it on level 6 of the Lair of Beasts)
 19141 | Slime:1  | Entered Level 1 of the Pits of Slime
 19149 | Slime:1  | Noticed an acid blob
 19160 | Slime:3  | Noticed Dissolution
 19165 | Slime:3  | Noticed an azure jelly
 19193 | Slime:4  | Noticed an acid blob
 19198 | Slime:5  | Entered Level 5 of the Pits of Slime
 19198 | Slime:5  | Noticed an acid blob
 19217 | Slime:5  | Noticed an acid blob
 19222 | Slime:5  | Lost mutation: Your mind is acute. (Int +2) [Jiyva's grace]
 19224 | Slime:5  | Noticed the Royal Jelly
 19225 | Slime:5  | Found a viscous altar of Jiyva.
 19226 | Slime:5  | Noticed an azure jelly
 19230 | Slime:5  | Lost mutation: You are somewhat resistant to further
                  | mutation. [Jiyva's grace]
 19230 | Slime:5  | Gained mutation: You evolve. [Jiyva's grace]
 19231 | Slime:5  | Noticed an acid blob
 19242 | Slime:5  | Gained mutation: Your translucent skin slightly reduces
                  | your foes' accuracy. (Stealth) [Jiyva's grace]
 19245 | Slime:5  | Killed an acid blob
 19263 | Slime:5  | Noticed an acid blob
 19266 | Slime:5  | Noticed an acid blob
 19269 | Slime:5  | Lost mutation: Your translucent skin slightly reduces your
                  | foes' accuracy. (Stealth) [Jiyva's grace]
 19272 | Slime:5  | Got a slimy rune of Zot
 19274 | Slime:5  | Identified the Compendium of Floating Execration
 19282 | Slime:5  | Got a heavily runed chain mail
 19293 | Slime:5  | Identified the +5 chain mail of Pesoinez {rF- Int+5} (You
                  | found it on level 5 of the Pits of Slime)
 19293 | Slime:5  | Killed an acid blob
 19302 | Slime:5  | Got an encrusted ring mail
 19308 | Slime:5  | Identified the +3 ring mail "Qaegiw" {rPois MR+ Int+2
                  | Dex+2} (You found it on level 5 of the Pits of Slime)
 19319 | Slime:5  | Killed an acid blob
 19346 | Slime:5  | Got an amethyst-encrusted chain mail
 19357 | Slime:5  | Identified the +7 chain mail "Nohys" {rC+ MR- Regen+ rCorr}
                  | (You found it on level 5 of the Pits of Slime)
 19362 | Slime:5  | Killed an acid blob
 19363 | Slime:5  | Killed an acid blob
 19369 | Slime:5  | Got a transparent hand axe
 19371 | Slime:5  | Identified the +8 hand axe of Purpose {chop, *Contam +Inv
                  | rF++ Int+4} (You found it on level 5 of the Pits of Slime)
 19372 | Slime:5  | Killed an acid blob
 19418 | Slime:5  | Killed an acid blob
 19420 | Slime:5  | Noticed an azure jelly
 19423 | Slime:5  | Noticed an azure jelly
 19630 | Orc:1    | Entered Level 1 of the Orcish Mines
 19666 | D:10     | Lost mutation: Your flesh is very cold resistant. (rC++)
                  | [Jiyva's grace]
 19705 | Orc:1    | Gained mutation: You have a beak for a mouth. [Jiyva's
                  | grace]
 19895 | Orc:1    | Gained mutation: You can translocate small distances at
                  | will. [evolution]
 19899 | Orc:1    | Found a runed gate.
 19901 | Orc:1    | Found a runed gate.
 19901 | Orc:1    | Noticed Peqecigann's ghost (journeyman MiBe)
 19947 | Orc:1    | Found a runed gate.
 19962 | Orc:1    | Lost mutation: Your flesh is cold resistant. (rC+) [Jiyva's
                  | grace]
 20060 | Orc:2    | Entered Level 2 of the Orcish Mines
 20074 | Orc:2    | Noticed an acid blob
 20074 | Orc:2    | an ettin changed into an acid blob
 20084 | Orc:2    | Lost mutation: You have a small jelly attached to you that
                  | may absorb incoming projectiles. [Jiyva's grace]
 20092 | Orc:2    | Found a roughly hewn altar of Beogh.
 20343 | Orc:2    | Found a staircase to the Elven Halls.
 20422 | Orc:2    | Found a roughly hewn altar of Beogh.
 20544 | Orc:2    | Gained mutation: Your magical capacity is low. (-10% MP)
                  | [Jiyva's grace]
 20561 | Orc:2    | Lost mutation: You evolve. [Jiyva's grace]
 20715 | Orc:2    | Gained mutation: Your system is resistant to poisons.
                  | (rPois) [Jiyva's grace]
 20753 | Orc:2    | Lost mutation: Your magical capacity is low. (-10% MP)
                  | [Jiyva's grace]
 20896 | Orc:2    | Found Safiozxa's Assorted Antiques.
 20896 | Orc:2    | Found Hoasiyck's Distillery.
 20902 | Orc:2    | Found Sonifail's Gadget Emporium.
 20902 | Orc:2    | Found Itaz's Jewellery Boutique.
 21124 | Orc:2    | Bought the ring of Keneh {rC+ Str+9 Int-2 Dex+3 SInv} for
                  | 800 gold pieces
 21341 | D:15     | Entered Level 15 of the Dungeon
 21686 | D:15     | Reached skill level 1 in Dodging
 21711 | D:15     | Lost mutation: You occasionally shout uncontrollably at
                  | your foes. [Jiyva's grace]
 21729 | D:15     | Found a staircase to the Depths.
 21730 | D:15     | Noticed a fire giant
 21743 | D:15     | Killed a fire giant
 21743 | D:15     | Reached skill level 15 in Axes
 21817 | D:15     | Gained mutation: Scrolls take you a little longer to read.
                  | [Jiyva's grace]
 21818 | D:15     | Lost mutation: Scrolls take you a little longer to read.
                  | [Jiyva's power]
 22151 | D:14     | Killed Azrael
 22182 | Vaults:1 | Entered Level 1 of the Vaults
 22186 | Vaults:1 | Reached XP level 15. HP: 114/120 MP: 15/15
 22295 | Vaults:1 | Noticed a vault warden
 22339 | Vaults:1 | Gained mutation: Your body sometimes deteriorates upon
                  | taking damage. [Jiyva's grace]
 22361 | Vaults:1 | Killed a vault warden
 22622 | Vaults:1 | Gained mutation: You have a small jelly attached to you
                  | that may absorb incoming projectiles. [Jiyva's grace]
 22751 | Vaults:1 | Noticed a vault warden
 22760 | Vaults:1 | Killed a vault warden
 22936 | Vaults:1 | Noticed a vault warden
 22945 | Vaults:1 | Killed a vault warden
 22958 | Vaults:1 | Noticed a vault warden
 22998 | Vaults:1 | Killed a vault warden
 23106 | Vaults:1 | Found a flickering gateway to a bazaar.
 23112 | Bazaar   | Entered a bazaar
 23129 | Bazaar   | Found Ithuoc's Gadget Emporium.
 23129 | Bazaar   | Found Ajaiz's Food Shoppe.
 23149 | Bazaar   | Found Sixar's Distillery.
 23164 | Bazaar   | Found Motrusat's Jewellery Shoppe.
 23179 | Bazaar   | Found Zeypatae's Jewellery Shoppe.
 23226 | Bazaar   | Bought an uncursed ring of wizardry for 360 gold pieces
 23298 | Bazaar   | Bought a potion of might for 40 gold pieces
 23298 | Bazaar   | Bought a potion of curing for 30 gold pieces
 23298 | Bazaar   | Bought a potion of curing for 30 gold pieces
 23298 | Bazaar   | Bought a potion of curing for 30 gold pieces
 23298 | Bazaar   | Bought 2 potions of heal wounds for 100 gold pieces
 23353 | Vaults:1 | Gained mutation: You have acidic saliva. [Jiyva's grace]
 23469 | Vaults:1 | Identified 2 scrolls of acquirement
 23518 | Vaults:1 | Gained mutation: Your translucent skin slightly reduces
                  | your foes' accuracy. (Stealth) [Jiyva's grace]
 23519 | Vaults:1 | Gained mutation: You evolve. [Jiyva's grace]
 23528 | Vaults:1 | Lost mutation: Your translucent skin slightly reduces your
                  | foes' accuracy. (Stealth) [Jiyva's grace]
 23881 | Vaults:1 | Lost mutation: Your body sometimes deteriorates upon taking
                  | damage. [Jiyva's grace]
 23942 | Vaults:1 | Lost mutation: You evolve. [Jiyva's grace]
 23985 | Vaults:1 | Found a large runed door.
 23985 | Vaults:1 | Found a large runed door.
 23985 | Vaults:1 | Noticed Xiraoc's ghost (adept MfGl)
 24037 | Vaults:1 | HP: 5/123 [Xiraoc's ghost (13)]
 24037 | Vaults:1 | Demolished by Xiraoc's ghost

Skill      XL: |  1  2  3  4  5  6  7  8  9 10 11 12 13 14 15 |
---------------+----------------------------------------------+-----
Axes           | 2 3 4 5 6 7 9 12 14 15 | 15.6
Armour         | 3 4 5 6 7 8 9 10 11 | 11.1
Shields        | 3 4 6 7 9 10 11 12 13 | 13.3
Fighting       | 4 5 6 8 9 10 11 13 | 13.1
Dodging        | 1 4 |  4.0
Throwing       | |  0.7
Stealth        | |  0.2
Evocations     | |  0.6

Action                   |  1- 3 |  4- 6 |  7- 9 | 10-12 | 13-15 || total
-------------------------+-------+-------+-------+-------+-------++-------
Melee: War axe           |   128 |   116 |     8 |   357 |   588 ||  1197
       Whip              |       |   116 |   416 |   393 |    21 ||   946
       Hand axe          |       |       |    26 |    30 |   591 ||   647
       Headbutt          |       |       |       |    71 |       ||    71
       Scimitar          |       |       |       |       |     5 ||     5
       Peck              |       |       |       |       |   156 ||   156
       Bite              |       |       |       |       |     8 ||     8
Throw: Tomahawk          |       |       |       |     1 |       ||     1
       Stone             |       |       |       |       |     1 ||     1
Invok: Slimify           |       |       |       |     2 |     6 ||     8
       Request Jelly     |       |       |       |       |     1 ||     1
       Cure Bad Mutation |       |       |       |       |     1 ||     1
 Abil: Blink             |       |       |       |       |     1 ||     1
Evoke: Wand              |       |       |       |     2 |     9 ||    11
       Lightning rod     |       |       |       |       |     3 ||     3
  Use: Scroll            |       |     5 |     3 |     6 |    11 ||    25
       Potion            |       |       |     1 |     2 |     4 ||     7
 Stab: Distracted        |       |       |     1 |     2 |     8 ||    11
       Sleeping          |       |       |       |       |     2 ||     2
       Petrifying        |       |       |       |       |     1 ||     1
       Petrified         |       |       |       |       |     1 ||     1
  Eat: Chunk             |     1 |    12 |    11 |       |       ||    24
       Ration            |       |       |     2 |       |       ||     2
Armor: Scale mail        |    33 |       |       |       |       ||    33
       Plate armour      |    42 |   171 |   221 |   489 |   319 ||  1242
       Ring mail         |       |       |       |       |   126 ||   126
       Chain mail        |       |       |       |       |    42 ||    42
Dodge: Dodged            |    26 |    33 |    57 |   118 |   255 ||   489
Block: Shield            |    59 |   120 |   185 |   371 |   636 ||  1371
